 Dungeon Crawl Stone Soup version 0.29-a0-271-gd4eb659eea (webtiles) character file.

Game seed: 15871664658824717491

54 Crownlay the Digger (level 3, -3/19 HPs)
             Began as a Gargoyle Earth Elementalist on Mar 8, 2022.
             Killed from afar by an orc wizard (9 damage)
             ... with a magic dart
             ... on level 2 of the Dungeon.
             The game lasted 00:02:03 (1662 turns).

Crownlay the Digger (Gargoyle Earth Elementalist)   Turns: 1662, Time: 00:02:04

Health: -3/19      AC:  6    Str: 11    XL:     3   Next: 91%
Magic:  1/7        EV: 11    Int: 17    God:
Gold:   108        SH:  0    Dex: 10    Spells: 7/8 levels left

rFire   . . .      SeeInvis .   d - +0 club
rCold   . . .      Faith    .   (no shield)
rNeg    + . .      Spirit   .   b - +0 robe
rPois   ∞          Reflect  .   g - +0 helmet
rElec   +          Harm     .   (no cloak)
rCorr   .          Rampage  .   (no gloves)
Will    .....                   (no boots)
Stlth   ++........              (no amulet)
HPRegen 0.06/turn               (no ring)
MPRegen 0.10/turn               (no ring)

@: very slightly contaminated
A: sickness immunity, AC +3, negative energy resistance 1, electricity
resistance, torment resistance 1, petrification resistance
a: no special abilities


You were on level 2 of the Dungeon.
You visited 1 branch of the dungeon, and saw 2 of its levels.

You collected 108 gold pieces.

Inventory:

Hand Weapons
 d - a +0 club (weapon)
Missiles
 a - 28 stones
Armour
 b - a +0 robe (worn)
 g - a +0 helmet (worn)
Scrolls
 f - 4 scrolls of enchant weapon {unknown}
 l - a scroll of noise {unknown}
Potions
 c - a potion of magic
 e - a potion of curing {unknown}
 h - a potion of mutation {unknown}
 i - 2 potions of might {unknown}
 j - a potion of flight {unknown}
 k - 3 potions of attraction {unknown}


   Skills:
 - Level 1.5 Dodging
 - Level 2.1 Stealth
 * Level 3.3 Spellcasting
 - Level 0.7 Transmutations
 + Level 4.4 Earth Magic


You had 7 spell levels left.
You knew the following spells:

 Your Spells              Type           Power      Damage    Failure   Level
a - Sandblast             Erth           34%        2d9       2%          1

Your spell library contained the following spells:

 Spells                   Type           Power      Damage    Failure   Level
 Passwall                 Tmut/Erth      9%         N/A       9%          2
 Stone Arrow              Conj/Erth      20%        3d8       21%         3
 Petrify                  Tmut/Erth      11%        N/A       52%         4
 Animate Armour           Summ/Erth      20%        N/A       56%         4
 Lehudib's Crystal Spear  Conj/Erth      5%         10d3      100%        8


Dungeon Overview and Level Annotations

Branches:
Dungeon (2/15)

Altars:


Innate Abilities, Weirdness & Mutations

You are immune to sickness and miasma.
Your stone body is resilient. (AC +3)
You are immune to poison.
You resist negative energy. (rN+)
You are resistant to electric shocks. (rElec)
You are resistant to unholy torment.
You are immune to petrification.


Message History

The orc wizard flickers and vanishes!
Deactivating autopickup; reactivate with Ctrl-A.
The blast of sand hits the orc.
The orc is severely wounded.
The orc hits you but does no damage.
The blast of sand hits the orc.
The orc is almost dead.
The orc misses you.
The blast of sand hits the orc.
You kill the orc!
The blast of sand hits something!
Something hits you.
You are too injured to fight recklessly!
Casting: Sandblast (safe; 2% risk of failure)
Confirm with . or Enter, or press ? or * to list all spells.
Aiming: Sandblast (safe; 2% risk of failure)
Press: ? - help, Shift-Dir - straight line, f/p - orc priest
Aim: an orc priest, wielding a +0 club (79% to hit)
The blast of sand hits something.
Something hits you.
Casting: Sandblast (safe; 2% risk of failure)
Confirm with . or Enter, or press ? or * to list all spells.
Aiming: Sandblast (safe; 2% risk of failure)
Press: ? - help, Shift-Dir - straight line, f/p - orc priest
Aim: an orc priest, wielding a +0 club (79% to hit)
You miscast Sandblast.
You are very lightly contaminated with residual magic.
Nothing appears to happen.
Something hits you but does no damage.
Casting: Sandblast (safe; 2% risk of failure)
Confirm with . or Enter, or press ? or * to list all spells.
You don't have enough magic to cast this spell.
Unknown command.
You barely miss something. Something hits you but does no damage.
You hit something.
The orc priest begins to cast a cantrip, but forgets the words!
Something hits you but does no damage. Something hits you.
* * * LOW HITPOINT WARNING * * *
You hit something but do no damage.
You hear some strange, mumbled words.
A magic dart appears from out of thin air!
The magic dart hits you!
You die...

# # ## ############## # #.
....oo{@.....########### #.##
############.....[......
###..###### #.# #############
.###......#####.# ..... .......
.....####<...##.###.......#######
.#.#.#######.##>.........########
..................#......#.....##
#.#.#...######...................
......### #...[.####....[.....


You could see an orc priest and an orc.

Vanquished Creatures
  2 adders (D:2)
  A worm (D:2)
  2 dart slugs (D:2)
  An orc (D:2)
  4 ball pythons
  An endoplasm (D:1)
  5 giant cockroaches (D:1)
  2 goblins
  2 hobgoblins (D:1)
  3 bats
  2 frilled lizards
  A kobold (D:2)
  3 rats
29 creatures vanquished.

Notes
Turn   | Place    | Note
-------+----------+-------------------------------------------
     0 | D:1      | Crownlay the Gargoyle Earth Elementalist began the quest
                  | for the Orb.
     0 | D:1      | Reached XP level 1. HP: 10/10 MP: 3/3
   279 | D:1      | Reached XP level 2. HP: 15/15 MP: 5/5
   460 | D:1      | You fall into a shaft and drop 1 floor!
   478 | D:2      | Reached skill level 4 in Earth Magic
   824 | D:2      | Reached XP level 3. HP: 19/19 MP: 1/7
  1092 | D:1      | Found a faded altar of an unknown god.
  1662 | D:2      | Killed from afar by an orc wizard

Illustrated notes

Levels and vault maps discovered:
D:1:      saegor_arrival_simple_b, layout_rooms, shapermc_ecumenical_altar_petra
D:2:      layout_rooms, hex_tiny, grunt_ministairs_10, hangedman_decor_points

Skill      XL: |  1  2  3 |
---------------+----------+-----
Earth Magic    | 4 |  4.4
Spellcasting   | 3 |  3.3
Dodging        | |  1.5
Stealth        | |  2.1
Transmutations | |  0.7

Action                   || total
-------------------------++-------
Melee: Club              ||   102
       Unarmed           ||     1
       Punch             ||     2
 Cast: Sandblast         ||    29
 Stab: Sleeping          ||     3
Armor: Robe              ||    60
Dodge: Dodged            ||    98

Table legend: (Time is in decaauts)
 A = Elapsed time spent in this place.
 B = Non-inter-level travel time spent in this place.
 C = Inter-level travel time spent in this place.
 D = Time resting spent in this place.
 E = Time spent auto-exploring this place.
 F = Levels seen in this place.
 G = Mean time per level.
                   A        B        C        D        E       F      G
               +--------+--------+--------+--------+--------+-----+--------+
         Total |   1692 |   1669 |     23 |     52 |   1285 |   2 |  846.0 |
       Dungeon |   1692 |   1669 |     23 |     52 |   1285 |   2 |  846.0 |
               +--------+--------+--------+--------+--------+-----+--------+

Top non-repeatable levels by time:
     D:1: 915 daAuts
     D:2: 776 daAuts
